 Dungeon Crawl Stone Soup version 0.26-b1-32-g5d43845318 (webtiles) character file.

Game seed: 2637563756924478986

5392 Borgoz the Grappler (level 10, -7/88 HPs)
             Began as a Ghoul Gladiator on Jan 12, 2021.
             Was a High Priest of Okawaru.
             Mangled by a two-headed ogre
             ... wielding a +0 giant spiked club
              (14 damage)
             ... on level 9 of the Dungeon.
             The game lasted 00:17:42 (7821 turns).

Borgoz the Grappler (Ghoul Gladiator)               Turns: 7821, Time: 00:17:42

Health: -7/88      AC: 18    Str: 20    XL:     10   Next: 66%
Magic:  7/14       EV: 11    Int:  3    God:    Okawaru [*****.]
Gold:   502        SH:  0    Dex: 12    Spells: 9/9 levels left

rFire    + . .     SeeInvis .     - Unarmed
rCold    + + .     Faith    .   (no shield)
rNeg     + + +     Spirit   .   t - +0 plate armour {rF+}
rPois    ∞         Reflect  .   u - +0 helmet
rElec    .         Harm     .   e - +0 cloak
rCorr    .         Rampage  .   (no gloves)
Will     .....                  (no boots)
Stlth    ..........             g - amulet of regeneration
HPRegen  0.00/turn              A - ring of protection from cold
MPRegen  0.14/turn              (no ring)

@: heroism, finesse
A: claws 1, cold resistance 1, negative energy resistance 3, inhibited
regeneration, torment resistance, unbreathing
a: Renounce Religion, Heroism, Finesse


You were on level 9 of the Dungeon.
You worshipped Okawaru.
Okawaru was extremely pleased with you.
You visited 2 branches of the dungeon, and saw 10 of its levels.
You also visited: Bailey.

You collected 502 gold pieces.

Inventory:

Hand Weapons
 c - the +4 rapier of Exquisite Death {freeze, *Corrode rF+ Str+4}
   (You found it on level 8 of the Dungeon)

   It has been specially enchanted to freeze those struck by it, causing extra
   injury to most foes and up to half again as much damage against particularly
   susceptible opponents.
   It can also slow down cold-blooded creatures.
   It affects your strength (+4).
   It protects you from fire.
   It may corrode you when you take damage.
Armour
 e - a +0 cloak (worn)
 t - a +0 plate armour of fire resistance (worn)
 u - a +0 helmet (worn)
 x - a +0 pair of gloves of dexterity
Jewellery
 b - an uncursed ring of fire
 g - an amulet of regeneration (around neck)
 A - a ring of protection from cold (left claw)
Scrolls
 a - a scroll of enchant armour
 f - 6 scrolls of remove curse
 i - a scroll of acquirement {unknown}
 j - 3 scrolls of magic mapping
 k - a scroll of fear
 l - a scroll of teleportation
 o - a scroll of identify
Potions
 d - 2 potions of flight {unknown}
 h - a potion of curing
 m - 3 potions of resistance
 n - a potion of heal wounds
 q - a potion of might
 C - 2 potions of brilliance


   Skills:
 + Level 8.0(13.0) Fighting
 - Level 1.7(6.7) Throwing
 + Level 6.4(11.4) Armour
 + Level 7.1(12.1) Dodging
 + Level 8.5(13.5) Unarmed Combat
 + Level 6.7 Invocations


You had 9 spell levels left.
You didn't know any spells.
Your spell library contained the following spells:

 Spells                   Type           Power        Failure   Level
 Foxfire                  Conj/Fire      0%           100%        1
 Conjure Flame            Conj/Fire      0%           100%        3
 Inner Flame              Hex/Fire       0%           100%        3
 Sticky Flame             Conj/Fire      0%           100%        4
 Fireball                 Conj/Fire      0%           100%        5
 Haunt                    Necr/Summ      0%           100%        7
 Infestation              Necr           0%           100%        8
 Borgnjor's Revivificati  Necr           Unusable     N/A         8
 Necromutation            Tmut/Necr      Unusable     N/A         8
 Death's Door             Necr           Unusable     N/A         9

Dungeon Overview and Level Annotations

Branches:
Dungeon (9/15)             Temple (1/1) D:4            Lair (0/6) D:8
 Bailey (visited)
    Orc: D:9-12

Altars:
Ashenzari
Cheibriados
Dithmenos
Elyvilon
Fedhas
Gozag
Hepliaklqana
Kikubaaqudgha
Makhleb
Nemelex Xobeh
Okawaru
Qazlal
Ru
Sif Muna
Trog
Uskayaw
Vehumet
Wu Jian
Xom
Yredelemnul
Zin
The Shining One


Innate Abilities, Weirdness & Mutations

You thrive by killing the living.
You are immune to poison.
You have sharp fingernails.
Your flesh is cold resistant. (rC+)
You are immune to negative energy. (rN+++)
You do not regenerate when monsters are visible.
You are immune to unholy pain and torment.
You can survive without breathing.


Message History

The two-headed ogre is lightly wounded.
The two-headed ogre hits you with a +0 giant spiked club!
The two-headed ogre closely misses you.
You scratch the two-headed ogre.
The two-headed ogre is lightly wounded.
You scratch the two-headed ogre but do no damage.
The two-headed ogre is lightly wounded.
The two-headed ogre hits you with a +0 giant spiked club!! x2
You are too injured to fight recklessly!
You are too injured to fight recklessly!
You are too injured to fight recklessly!
You gain the combat prowess of a mighty hero.
The two-headed ogre hits you with a +0 giant spiked club!!
* * * LOW HITPOINT WARNING * * *
The two-headed ogre misses you.
You can now deal lightning-fast blows.
You claw the two-headed ogre! x2
The two-headed ogre is heavily wounded.
The two-headed ogre hits you with a +0 giant spiked club!
You die...

+..............#
#..............#
#..............#
#).............#
#..............#
#.##'##...######
..#†#...#...#
#..#.#...#.O.#
#####..#.'...#..@#
.......#.#...#...######
.......#.#...#........#
......##.#####........#
......#...............#
......#..............##
....#'#..#####.......#
#...#....# #.......#
#...#....#...#.......#


You could see a two-headed ogre.

Vanquished Creatures
  A centaur warrior (D:7)
  Pikel (D:9)
  A yak (D:7)
  7 orc warriors
  2 necrophages
  2 centaurs
  2 ice beasts
  A sky beast (D:9)
  3 ogres
  An eye of draining (D:7)
  A phantom (D:6)
  3 big kobolds
  3 bullfrogs
  3 scorpions
  15 killer bees
  8 howler monkeys
  3 wights (D:7)
  2 jellies
  A centaur zombie (D:5)
  A quasit (D:6)
  2 hounds
  3 orc priests
  5 orc wizards
  A bullfrog skeleton (D:7)
  An iguana (D:6)
  5 worker ants
  Robin (D:4)
  A howler monkey skeleton (D:7)
  7 gnolls
  6 adders
  2 shadow imps
  A white imp (D:6)
  An ufetubus (D:5)
  2 oozes
  An adder skeleton (D:9)
  2 worms
  3 dart slugs
  3 leopard geckos
  34 orcs
  4 bats
  A bat skeleton (D:2)
  5 giant cockroaches
  8 hobgoblins
  13 jackals
  2 quokkas
  3 ball pythons
  4 frilled lizards
  22 goblins
  39 kobolds
  3 leopard gecko skeletons
  A leopard gecko zombie (D:5)
  3 quokka skeletons
  6 rats
256 creatures vanquished.

Vanquished Creatures (others)
  An iguana (D:4)
  2 leopard geckos (D:4)
  An orc (D:4)
  A goblin (D:4)
5 creatures vanquished.

Grand Total: 261 creatures vanquished

Notes
Turn   | Place    | Note
-------+----------+-------------------------------------------
     0 | D:1      | Borgoz the Ghoul Gladiator began the quest for the Orb.
     0 | D:1      | Reached XP level 1. HP: 17/17 MP: 0/0
   191 | D:1      | Reached XP level 2. HP: 22/25 MP: 1/1
   738 | D:2      | Reached XP level 3. HP: 30/30 MP: 2/2
   818 | D:2      | Reached skill level 1 in Armour
   832 | D:2      | Found a faded altar of an unknown god.
  1361 | D:3      | Reached XP level 4. HP: 24/37 MP: 3/3
  1389 | D:3      | Found a stormy altar of Qazlal.
  2002 | D:3      | Reached XP level 5. HP: 45/45 MP: 4/4
  2331 | D:4      | Reached XP level 6. HP: 47/52 MP: 5/5
  2382 | D:4      | Noticed Robin
  2425 | D:4      | Killed Robin
  2587 | D:4      | Found a staircase to the Ecumenical Temple.
  2617 | Temple   | Entered the Ecumenical Temple
  2849 | Temple   | Became a worshipper of Warmaster Okawaru
  2943 | D:4      | Found a shimmering altar of Xom.
  3419 | D:4      | Reached skill level 5 in Unarmed Combat
  3419 | D:4      | Reached XP level 7. HP: 50/59 MP: 6/6
  3553 | D:5      | Entered Level 5 of the Dungeon
  3661 | D:5      | Reached skill level 1 in Invocations
  3820 | D:5      | Found a shimmering blue altar of Sif Muna.
  4430 | D:6      | Reached * piety under Okawaru
  4466 | D:6      | Reached skill level 5 in Fighting
  4466 | D:6      | Reached XP level 8. HP: 12/68 MP: 5/8
  4915 | D:6      | HP: 2/68 [orc warrior/+0 halberd (14)]
  4920 | D:6      | Reached skill level 5 in Dodging
  5327 | D:7      | Reached ** piety under Okawaru
  5380 | D:7      | Reached XP level 9. HP: 74/75 MP: 11/11
  5622 | D:7      | Found a bloodstained altar of Trog.
  5829 | D:7      | Reached skill level 5 in Armour
  5875 | D:8      | Reached skill level 5 in Invocations
  5898 | D:8      | Found a flagged portal.
  5924 | Bailey   | Entered a bailey
  5982 | Bailey   | Reached *** piety under Okawaru
  6632 | D:8      | Noticed a centaur warrior
  6650 | D:8      | Reached XP level 10. HP: 29/86 MP: 13/13
  6840 | D:7      | Killed a centaur warrior
  6840 | D:7      | Reached **** piety under Okawaru
  7029 | D:8      | Got a masterwork rapier
  7030 | D:8      | Identified the +4 rapier of Exquisite Death {freeze,
                  | *Corrode rF+ Str+4} (You found it on level 8 of the
                  | Dungeon)
  7253 | D:8      | Found a staircase to the Lair.
  7606 | D:9      | Reached ***** piety under Okawaru
  7657 | D:9      | Noticed Pikel
  7675 | D:9      | Killed Pikel
  7813 | D:9      | Noticed a two-headed ogre
  7821 | D:9      | Mangled by a two-headed ogre

Illustrated notes

Levels and vault maps discovered:
D:1:      dpeg_arrival_simpleton_c, layout_rooms, nrook_uturn
D:2:      layout_loops_cross, chequers_ecumenical_altar_simple,
          minmay_tromino_v4_a
D:3:      layout_loops_corners, serial_rivers, chequers_serial_rivers_micro_b,
          chequers_serial_rivers_small_b, chequers_serial_rivers_marsh,
          chequers_serial_rivers_micro_a, chequers_serial_rivers_micro_c,
          chequers_serial_rivers_marsh, nicolae_qazlal_general_emergency
D:4:      layout_loops_corners, minmay_temple_entry_arrows, nrook_mini_vaults,
          xom_confusion_cloud, uniq_menkaure, uniq_robin
D:5:      layout_gridville, nicolae_overflow_hidden_temple,
          kennysheep_generic_room_3
D:6:      layout_cave_pools, kennysheep_crisscross
D:7:      layout_gridville, trog_eyes_of_draining
D:8:      minmay_tri_box, layout_rooms, enter_bailey_5, eino_jars
D:9:      layout_irregular_city, serial_bayou_pond_d,
          chequers_serial_rivers_marsh, uniq_pikel
Temple:   roderic_octagonal_lattice_temple

Skill      XL: |  1  2  3  4  5  6  7  8  9 10 |
---------------+-------------------------------+-----
Dodging        | 3 4 5 6 7 |  7.1
Armour         | 1 2 3 4 5 6 |  6.4
Fighting       | 3 4 5 6 7 8 |  8.0
Unarmed Combat | 4 5 6 7 8 |  8.5
Invocations    | 2 4 5 6 |  6.7
Throwing       | |  1.7

Action                   |  1- 3 |  4- 6 |  7- 9 | 10-12 || total
-------------------------+-------+-------+-------+-------++-------
Melee: Unarmed           |   158 |   242 |   540 |   187 ||  1127
       Punch             |       |     2 |     5 |     5 ||    12
Throw: Throwing net      |       |       |     4 |     1 ||     5
       Boomerang         |       |       |    19 |     1 ||    20
Invok: Heroism           |       |       |     2 |     1 ||     3
       Finesse           |       |       |       |     1 ||     1
  Use: Potion            |     3 |       |     8 |       ||    11
       Scroll            |       |       |    15 |     1 ||    16
Armor: Leather armour    |    23 |       |       |       ||    23
       Plate armour      |    47 |   132 |   492 |   144 ||   815
Dodge: Dodged            |    63 |    51 |   375 |   113 ||   602
